 Dungeon Crawl Stone Soup version 0.29.0-4-gdea44cf6ec (webtiles) character file.

Game seed: 18125807828486621088

13545 wingedge the Destroyer (level 12, 0/91 HPs)
             Began as a Human Wanderer on Aug 27, 2022.
             Was an Elder of Vehumet.
             Slain by a slime creature (16 damage)
             ... on level 12 of the Dungeon.
             The game lasted 01:00:58 (15457 turns).

wingedge the Destroyer (Human Wanderer)            Turns: 15457, Time: 01:00:59

Health: 0/91       AC: 13    Str: 15    XL:     12   Next: 34%
Magic:  10/28      EV: 11    Int: 21    God:    Vehumet [****..]
Gold:   37         SH:  5    Dex:  9    Spells: 11/21 levels left

rFire   . . .      SeeInvis .   a - +9 morningstar
rCold   + . .      Faith    .   N - +0 buckler
rNeg    . . .      Spirit   .   Z - +4 ring mail of the Quahog {Rampage}
rPois   .          Reflect  .   A - +0 helmet
rElec   .          Harm     .   (no cloak)
rCorr   +          Rampage  +   d - +0 pair of gloves
Will    .....                   (no boots)
Stlth   +.........              W - amulet of Gowosk {Regen+ rCorr}
HPRegen 1.05/turn               C - ring of magical power
MPRegen 0.21/turn               H - ring of protection from cold

@: no status effects
A: shaggy fur 1, strong 1, no potion heal 1
a: Renounce Religion


You were on level 12 of the Dungeon.
You worshipped Vehumet.
Vehumet was greatly pleased with you.
You visited 2 branches of the dungeon, and saw 13 of its levels.

You collected 663 gold pieces.
You spent 626 gold pieces at shops.

Inventory:

Hand Weapons
 a - a +9 morningstar (weapon)
 b - the +3 whip of the End of Times {drain, Stlth+}
   (You took it off an orc on level 5 of the Dungeon)

   A truly terrible weapon, it drains the life of any living foe it strikes.
   Stlth:     It makes you more stealthy.
 I - a +1 antimagic dagger
Armour
 d - a +0 pair of gloves (worn)
 A - a +0 helmet (worn)
 N - a +0 buckler (worn)
 Z - the +4 ring mail of the Quahog (worn) {Rampage}
   (You found it on level 11 of the Dungeon)

   Rampage:   It bestows one free step when moving towards enemies.
Jewellery
 w - an amulet of reflection
 C - a ring of magical power (left hand)
 H - a ring of protection from cold (right hand)
 U - a ring of flight
 W - the amulet of Gowosk (around neck) {Regen+ rCorr}
   (You bought it in a shop on level 4 of the Dungeon)

   [amulet of regeneration]

   Regen:     It increases your rate of health regeneration.
   rCorr:     It protects you from acid and corrosion.
 X - a ring of fire
Wands
 q - a wand of flame (4)
 s - a wand of charming (5)
 M - a wand of iceblast (8)
 T - a wand of mindburst (2)
Scrolls
 h - a scroll of immolation
 j - 3 scrolls of magic mapping
 k - 9 scrolls of teleportation
 r - a scroll of poison
 z - 2 scrolls of fear {unknown}
 D - 5 scrolls of blinking
 E - a scroll of vulnerability
 G - a scroll of summoning
 J - a scroll of torment {unknown}
 K - 3 scrolls of fog
 L - a scroll of noise {unknown}
 R - a scroll of silence {unknown}
Potions
 e - 2 potions of magic
 f - 3 potions of lignification
 g - 4 potions of mutation
 m - 4 potions of curing
 n - 4 potions of ambrosia {unknown}
 o - 2 potions of flight {unknown}
 p - 5 potions of degeneration
 t - 2 potions of might {unknown}
 u - 2 potions of brilliance {unknown}
 v - 2 potions of heal wounds {unknown}
 x - 2 potions of invisibility
 O - 4 potions of haste {unknown}
Miscellaneous
 S - a phial of floods


   Skills:
 - Level 7.0 Fighting
 - Level 7.0 Maces & Flails
 + Level 4.0 Armour
 - Level 4.0 Dodging
 - Level 1.0 Stealth
 - Level 6.0 Shields
 - Level 5.0 Spellcasting
 - Level 9.0 Conjurations
 - Level 6.0 Hexes
 - Level 2.0 Transmutations
 - Level 8.0 Earth Magic
 - Level 1.0 Poison Magic
 - Level 1.0 Evocations


You had 11 spell levels left.
You knew the following spells:

 Your Spells              Type           Power      Damage    Failure   Level
a - Sandblast             Erth           76%        2d16      1%          1
b - Beastly Appendage     Tmut           26%        N/A       12%         1
c - Sting                 Tmut/Pois      44%        1d5       14%         1
d - Stone Arrow           Conj/Erth      80%        3d12      1%          3
e - Fulminant Prism       Conj/Hex       18%        3d11      3%          4

Your spell library contained the following spells:

 Spells                   Type           Power      Damage    Failure   Level
 Searing Ray              Conj           86%        2d7       1%          2
 Dazzling Flash           Conj/Hex       72%        N/A       1%          3
 Teleport Other           Tloc           5%         N/A       61%         3
 Borgnjor's Vile Clutch   Necr/Erth      11%        N/A       80%         5
 Silence                  Hex/Air        8%         N/A       91%         5
 Alistair's Intoxication  Tmut/Pois      7%         N/A       98%         5
 Eringya's Noxious Bog    Tmut/Pois      5%         N/A       99%         6
 Agony                    Necr           5%         N/A       100%        5


Dungeon Overview and Level Annotations

Branches:
Dungeon (12/15)            Temple (1/1) D:7            Lair (0/5) D:9
    Orc (0/2) D:9

Altars:
Ashenzari
Cheibriados
Dithmenos
Elyvilon
Fedhas
Gozag
Hepliaklqana
Kikubaaqudgha
Makhleb
Nemelex Xobeh
Okawaru
Qazlal
Ru
Sif Muna
Trog
Uskayaw
Vehumet
Wu Jian
Xom
Yredelemnul
Zin
The Shining One

Shops:
D:4 =   D:11 :

Annotations:
D:4 2 transporters, ProzacElf's ghost, amateur MeWn


Innate Abilities, Weirdness & Mutations

You are covered in fur. (AC +1)
Your muscles are strong. (Str +4, Int/Dex -1)
Potions are less effective at restoring your health.


Message History

A howler monkey comes into view.
You hear an angry buzzing noise. x3; You hear a shout!
Unknown command.
Casting: Fulminant Prism (dangerous; 3% risk of failure)
Confirm with . or Enter, or press ? or * to list all spells.
Okay, then.
Casting: Fulminant Prism (dangerous; 3% risk of failure)
Confirm with . or Enter, or press ? or * to list all spells.
Okay, then.
Casting: Fulminant Prism (dangerous; 3% risk of failure)
Confirm with . or Enter, or press ? or * to list all spells.
Aiming: Stone Arrow (safe; 1% risk of failure)
Press: ? - help, Shift-Dir - straight line, f - troll
Aim: a troll (almost dead, 76% to hit)
The stone arrow hits the troll!!
You kill the troll!
Vehumet accepts your kill.
You feel your power returning. The slime creature hits you!
* * * LOW HITPOINT WARNING * * *
The slime creature hits you but does no damage.
The howler monkey hoots and howls with incredible vigour!
You hear a shout! x3
Training target 6.0 for Hexes reached!
Your Hexes skill increases to level 6!
You need to enable at least one skill for training.
Casting: Stone Arrow (safe; 1% risk of failure)
Confirm with . or Enter, or press ? or * to list all spells.
Aiming: Fulminant Prism (dangerous; 3% risk of failure)
Press: ? - help, Dir - move target You conjure a prism of explosive energy!
A fulminant prism comes into view.
The slime creature hits you.
* * * LOW HITPOINT WARNING * * *
The slime creature hits you but does no damage.
The slime creature hits you!
* * * LOW HITPOINT WARNING * * *
Unknown command.
Your system partially rejects the healing.
You feel better. The slime creature hits you!
You die...

## . ##.. ..
....## ...
......## ....
......####.....
#...†.J...#
##..†J..#
##...J..##
#...@JJ*#
........J......
...#...!........
.. ##...>...$...
#...........
#...........
#.......(h..
........##.


You could see 6 slime creatures, a howler monkey (catching breath) and a
friendly fulminant prism.

Vanquished Creatures
  A boulder beetle (D:11)
  Erica (D:8)
  2 two-headed ogres
  An elephant (D:9)
  Psyche (D:11)
  An unseen horror (D:10)
  A komodo dragon (D:11)
  6 trolls
  A shadow (D:9)
  3 wyverns
  17 yaks
  2 wraiths
  4 vampire mosquitoes (D:12)
  Menkaure (D:7)
  2 water moccasins
  2 acid dragons (D:11)
  Duvessa (D:7)
  5 orc warriors
  2 black bears (D:9)
  An ogre (D:4)
  2 ice beasts
  A sky beast (D:7)
  6 centaurs
  2 phantoms (D:9)
  2 kobold brigands
  2 bullfrogs
  2 scorpions
  12 wights
  Dowan (D:7)
  7 killer bees
  A troll zombie (D:9)
  2 vampire bats (D:8)
  5 howler monkeys
  5 orc priests
  A jelly (D:8)
  4 hounds
  11 orc wizards
  5 iguanas
  7 ogre zombies (D:9)
  4 gnolls
  5 adders
  2 shadow imps
  An ufetubus (D:4)
  3 worms
  3 dart slugs
  45 orcs
  12 bats
  7 endoplasms
  2 giant cockroaches
  9 goblins
  8 hobgoblins
  4 jackals (D:1)
  2 quokkas
  5 ball pythons
  2 frilled lizards (D:2)
  2 goblin skeletons (D:9)
  2 goblin zombies (D:9)
  A hobgoblin zombie (D:9)
  17 kobolds
  5 orc skeletons (D:9)
  15 orc zombies (D:9)
  10 rats
299 creatures vanquished.

Vanquished Creatures (others)
  18 fulminant prisms
18 creatures vanquished.

Grand Total: 317 creatures vanquished

Notes
Turn   | Place    | Note
-------+----------+-------------------------------------------
     0 | D:1      | wingedge the Human Wanderer began the quest for the Orb.
     0 | D:1      | wingedge set off with the following items: a +0 club, a
                  | scroll of teleportation, a +0 robe, a +0 pair of gloves;
                  | and the following spells available to memorise: Sandblast,
                  | Beastly Appendage, Sting, Searing Ray, Stone Arrow,
                  | Teleport Other.
     0 | D:1      | Reached XP level 1. HP: 15/15 MP: 4/4
     2 | D:1      | Learned a level 1 spell: Sandblast
     4 | D:1      | Learned a level 1 spell: Beastly Appendage
     6 | D:1      | Learned a level 1 spell: Sting
   139 | D:1      | Reached XP level 2. HP: 21/21 MP: 3/6
   530 | D:1      | Reached XP level 3. HP: 26/26 MP: 3/7
   993 | D:2      | Reached skill level 1 in Poison Magic
  1198 | D:2      | Reached skill level 1 in Transmutations
  1198 | D:2      | Reached XP level 4. HP: 32/32 MP: 6/8
  2399 | D:3      | Found a sacrificial altar of Ru.
  2513 | D:3      | Found a burning altar of Makhleb.
  2525 | D:3      | Reached skill level 1 in Conjurations
  2529 | D:3      | Learned a level 3 spell: Stone Arrow
  3017 | D:4      | Noticed a scorpion
  3024 | D:4      | Killed a scorpion
  3025 | D:4      | Reached skill level 2 in Conjurations
  3025 | D:4      | Reached XP level 5. HP: 37/37 MP: 3/9
  3178 | D:4      | Noticed an ogre
  3183 | D:4      | Killed an ogre
  3184 | D:4      | Reached skill level 3 in Conjurations
  3184 | D:4      | Reached XP level 6. HP: 43/43 MP: 0/10
  3340 | D:4      | Found Tutizan's Jewellery Shop.
  3582 | D:4      | Bought a ring of magical power for 200 gold pieces
  3652 | D:4      | Found a transporter.
  3653 | D:4      | Noticed ProzacElf's ghost (amateur MeWn)
  3653 | D:4      | Identified the +3 dire flail "Erequis" {venom, Str+2}
  3653 | D:4      | Noticed an ogre
  3655 | D:4      | Noticed an ogre
  4227 | D:4      | Reached skill level 4 in Conjurations
  4227 | D:4      | Reached XP level 7. HP: 50/50 MP: 11/11
  4310 | D:4      | Reached skill level 5 in Conjurations
  4445 | D:4      | Found a transporter.
  4687 | D:5      | Entered Level 5 of the Dungeon
  4687 | D:5      | Noticed a water moccasin
  4693 | D:5      | Killed a water moccasin
  4694 | D:5      | Reached skill level 5 in Earth Magic
  4694 | D:5      | Reached XP level 8. HP: 45/58 MP: 3/12
  5164 | D:5      | Reached skill level 6 in Conjurations
  5567 | D:5      | Noticed a wraith
  5570 | D:5      | Killed a wraith
  5626 | D:5      | Gained mutation: Your spells are a little harder to cast,
                  | but a little more powerful. [potion of mutation]
  5626 | D:5      | Gained mutation: You have hidden genetic defects. [potion
                  | of mutation]
  5626 | D:5      | Gained mutation: You sometimes lose your temper in combat.
                  | [potion of mutation]
  5626 | D:5      | Lost mutation: You sometimes lose your temper in combat.
                  | [potion of mutation]
  5626 | D:5      | Identified the +3 whip of the End of Times {drain, Stlth+}
  5627 | D:5      | Lost mutation: Your spells are a little harder to cast, but
                  | a little more powerful. [potion of mutation]
  5627 | D:5      | Lost mutation: You have hidden genetic defects. [potion of
                  | mutation]
  5627 | D:5      | Gained mutation: You are covered in fur. (AC +1) [potion of
                  | mutation]
  5627 | D:5      | Gained mutation: Potions are less effective at restoring
                  | your health. [potion of mutation]
  5627 | D:5      | Gained mutation: Your muscles are strong. (Str +4, Int/Dex
                  | -1) [potion of mutation]
  5833 | D:5      | Found a radiant altar of Vehumet.
  5839 | D:5      | Became a worshipper of Vehumet
  6069 | D:5      | Found a hide-covered altar of Uskayaw.
  6149 | D:6      | Found a broken altar of Ashenzari.
  6388 | D:6      | Reached skill level 7 in Conjurations
  6576 | D:6      | Reached XP level 9. HP: 63/63 MP: 4/13
  6818 | D:6      | Reached skill level 1 in Armour
  7482 | D:6      | Found a white marble altar of Elyvilon.
  7482 | D:6      | Found an iron altar of Okawaru.
  7495 | D:6      | Found a basalt altar of Yredelemnul.
  7497 | D:6      | Found a glowing golden altar of the Shining One.
  7499 | D:6      | Found a faded altar of an unknown god.
  7556 | D:7      | Reached * piety under Vehumet
  7556 | D:7      | Offered knowledge of Shock by Vehumet.
  7680 | D:6      | Reached skill level 1 in Shields
  7826 | D:7      | Found a staircase to the Ecumenical Temple.
  7834 | Temple   | Entered the Ecumenical Temple
  8822 | D:7      | Noticed Dowan
  8833 | D:7      | Noticed Duvessa
  8837 | D:7      | Killed Duvessa
  8839 | D:7      | Killed Dowan
  9345 | D:7      | Noticed Menkaure
  9348 | D:7      | Killed Menkaure
  9443 | D:7      | Reached skill level 5 in Fighting
  9443 | D:7      | Reached XP level 10. HP: 74/74 MP: 4/16
  9677 | D:8      | Noticed Erica
  9705 | D:8      | Killed Erica
  9706 | D:8      | Reached skill level 1 in Maces & Flails
  9706 | D:8      | Reached skill level 8 in Conjurations
 10168 | D:8      | Found an ancient bone altar of Kikubaaqudgha.
 10788 | D:8      | Reached ** piety under Vehumet
 11127 | D:9      | Offered knowledge of Magic Dart by Vehumet.
 11290 | D:9      | Noticed an elephant
 11565 | D:9      | Reached skill level 5 in Maces & Flails
 11675 | D:9      | Found a staircase to the Lair.
 11759 | D:9      | Killed an elephant
 11760 | D:9      | Reached skill level 5 in Spellcasting
 11760 | D:9      | Reached XP level 11. HP: 70/84 MP: 13/18
 12202 | D:9      | Found a staircase to the Orcish Mines.
 12215 | D:9      | Offered knowledge of Inner Flame by Vehumet.
 12313 | D:9      | Reached *** piety under Vehumet
 12476 | D:9      | Offered knowledge of Fulminant Prism by Vehumet.
 12526 | D:8      | Learned a level 4 spell: Fulminant Prism
 12963 | D:10     | Entered Level 10 of the Dungeon
 12987 | D:10     | Noticed a two-headed ogre
 12998 | D:10     | Killed a two-headed ogre
 12999 | D:10     | Reached skill level 1 in Hexes
 12999 | D:10     | Reached skill level 1 in Evocations
 13255 | D:10     | Reached skill level 5 in Shields
 13348 | D:10     | Found an opulent altar of Gozag.
 13730 | D:10     | Reached **** piety under Vehumet
 13731 | D:10     | Reached skill level 5 in Hexes
 14355 | D:4      | Bought the amulet of Gowosk {Regen+ rCorr} for 426 gold
                  | pieces
 14490 | D:11     | Noticed a boulder beetle
 14511 | D:11     | Killed a boulder beetle
 14512 | D:11     | Reached XP level 12. HP: 56/91 MP: 15/19
 14908 | D:11     | Noticed a two-headed ogre
 14912 | D:11     | Killed a two-headed ogre
 15057 | D:11     | Noticed Psyche
 15063 | D:11     | Killed Psyche
 15064 | D:11     | Reached skill level 9 in Conjurations
 15221 | D:11     | Found Yffuo's Book Shoppe.
 15321 | D:11     | Identified the +4 ring mail of the Quahog {Rampage}
 15457 | D:12     | Slain by a slime creature

Illustrated notes

Levels and vault maps discovered:
D:1:      erik_arrival_blinker_ship, layout_basic
D:2:      layout_loops_corners
D:3:      layout_loops_ring, lemuel_doored_altar, nicolae_ru_awakened_eye,
          kennysheep_generic_room_8
D:4:      layout_rooms, gammafunk_ghost_smash, serial_shops, shop,
          chequers_serial_rivers_marsh
D:5:      layout_basic, mainiacjoe_overflow_chevrons, lemuel_round_altar
D:6:      layout_loops_ring, mainiacjoe_overflow_concentric_impassable,
          chequers_temple_overflow_minitemple
D:7:      layout_gridville, minmay_temple_entry_glassed_door, uniq_duvessa,
          uniq_menkaure
D:8:      layout_basic, kiku_gazebo_pond_becter, corner_web_ring,
          roderic_batcave, uniq_erica
D:9:      layout_loops_ring, david_lair_generic, zombieorc2_lemuel
D:10:     layout_basic, grunt_gozag_statues, st_stairs_2, minmay_misc_feat_x,
          chequers_serial_rivers_marsh
D:11:     nicolae_whirlpool, layout_layer_cave, serial_shops, shop,
          glass_columns_c, uniq_psyche
D:12:     layout_cave_pools
Temple:   hellmonk_temple_of_storms

Skill      XL: |  1  2  3  4  5  6  7  8  9 10 11 12 |
---------------+-------------------------------------+-----
Earth Magic    | 2 3 4 5 6 7 8 |  8.0
Poison Magic   | 1 |  1.0
Transmutations | 1 2 |  2.0
Conjurations   | 2 3 4 5 7 8 9 |  9.0
Fighting       | 2 3 5 7 |  7.0
Armour         | 3 4 |  4.0
Shields        | 4 5 6 |  6.0
Spellcasting   | 4 5 |  5.0
Maces & Flails | 5 7 |  7.0
Hexes          | 5 6 |  6.0
Evocations     | 1 |  1.0
Dodging        | 4 |  4.0
Stealth        | |  1.0

Action                   |  1- 3 |  4- 6 |  7- 9 | 10-12 || total
-------------------------+-------+-------+-------+-------++-------
Melee: Club              |     7 |       |       |       ||     7
       Spear             |     6 |       |       |       ||     6
       Short sword       |       |     5 |       |       ||     5
       Long sword        |       |       |    10 |       ||    10
       Whip              |       |       |    12 |       ||    12
       Morningstar       |       |       |       |   124 ||   124
 Fire: Sling             |    34 |    11 |       |       ||    45
 Cast: Sandblast         |    38 |    43 |       |       ||    81
       Stone Arrow       |       |    25 |   152 |   150 ||   327
       Sting             |       |     2 |       |     4 ||     6
       Fulminant Prism   |       |       |       |    19 ||    19
Evoke: Wand              |       |     2 |     3 |     8 ||    13
  Use: Potion            |       |       |     4 |     4 ||     8
       Scroll            |       |       |       |    15 ||    15
 Stab: Sleeping          |       |     1 |       |     1 ||     2
       Distracted        |       |       |       |     1 ||     1
Armor: Robe              |    11 |     2 |     6 |       ||    19
       Skin              |       |       |     2 |     2 ||     4
       Leather armour    |       |       |    10 |    20 ||    30
       Ring mail         |       |       |     4 |    18 ||    22
       Troll leather arm |       |       |       |    18 ||    18
Dodge: Dodged            |    26 |    21 |    27 |    71 ||   145
Block: Buckler           |       |       |     6 |    78 ||    84
       Reflection        |       |       |       |    12 ||    12
